 Dungeon Crawl Stone Soup version 0.23.2 (webtiles) character file.

Game seed: 1115595998300150704

645 night the Digger (level 7, -2/54 HPs)
             Began as a Gargoyle Earth Elementalist on Apr 3, 2019.
             Was an Initiate of Vehumet.
             Slain by a killer bee (6 damage)
             ... on level 4 of the Dungeon.
             The game lasted 00:16:18 (4941 turns).

night the Digger (Gargoyle Earth Elementalist)      Turns: 4941, Time: 00:16:19

Health: -2/54      AC: 30    Str: 11    XL:     7   Next: 52%
Magic:  1/14       EV:  2    Int: 18    God:    Vehumet [......]
Gold:   208        SH:  0    Dex: 10    Spells: 5/15 levels left

rFire    . . .     SeeInvis .   e - +0 dagger (protect)
rCold    . . .     Gourm    .   (no shield)
rNeg     + + +     Faith    .   (armour currently unavailable)
rPois    ∞         Spirit   .   (helmet currently unavailable)
rElec    .         Reflect  .   (cloak currently unavailable)
rCorr    .         Harm     .   (gloves currently unavailable)
MR       .....     NoTele   +   (boots currently unavailable)
Stlth    ++........             (no amulet)
HPRegen  0.18/turn              (no ring)
MPRegen  0.14/turn              (no ring)

@: tree-form (expiring), protection aura, hasted, very quick
A: negative energy resistance 1, petrification resistance, rot immunity, AC +4
a: Renounce Religion


You were on level 4 of the Dungeon.
You worshipped Vehumet.
Vehumet was noncommittal.
You were near starving.
You were a tree.
You visited 2 branches of the dungeon, and saw 5 of its levels.

You collected 208 gold pieces.

Inventory:

Hand Weapons
 e - a +0 dagger of protection (weapon)
 o - a +1 dagger of speed
Missiles
 a - 10 tomahawks
 b - 188 stones (quivered)
 f - 2 tomahawks of returning
 m - 24 bolts
 n - 126 arrows
Armour
 c - a +0 robe (melded)
 l - a +0 pair of gloves (melded)
Scrolls
 j - a scroll of identify
 p - a scroll of enchant weapon {unknown}
 u - a scroll of enchant armour {unknown}
 v - a scroll of fear
Potions
 h - a potion of might {unknown}
 r - a potion of heal wounds {unknown}
 s - a potion of agility {unknown}
 w - a potion of resistance {unknown}
Comestibles
 d - 11 rations


   Skills:
 - Level 1.5 Dodging
 - Level 2.1 Stealth
 + Level 4.7 Spellcasting
 + Level 4.3 Conjurations
   Level 0.7 Transmutations
 + Level 6.7 Earth Magic


You had 5 spell levels left.
You knew the following spells:

 Your Spells              Type           Power        Failure   Level  Hunger
a - Sandblast             Erth           ####..       1%          1    None
b - Stone Arrow           Conj/Erth      ###...       4%          3    ###....
c - Lee's Rapid Deconstr  Erth           ####......   24%         5    ######.
d - Confusing Touch       Hex            #.....       14%         1    None

Your spell library contained the following spells:

 Spells                   Type           Power        Failure   Level  Hunger
 Passwall                 Tmut/Erth      ###.....     4%          2    #......
 Animate Skeleton         Necr           N/A          14%         1    None
 Apportation              Tloc           #.....       14%         1    None
 Summon Small Mammal      Summ           #...         14%         1    None
 Petrify                  Tmut/Erth      ###.....     30%         4    ####...


Dungeon Overview and Level Annotations

Branches:
Dungeon (4/15)             Temple (1/1) D:4

Altars:
Ashenzari
Cheibriados
Dithmenos
Elyvilon
Fedhas
Gozag
Hepliaklqana
Kikubaaqudgha
Makhleb
Nemelex Xobeh
Okawaru
Qazlal
Ru
Sif Muna
Trog
Uskayaw
Vehumet
Wu Jian
Xom
Yredelemnul
The Shining One

Annotations:
D:4 2 runed translucent doors, appiemonkey's ghost, amateur NaFi


Innate Abilities, Weirdness & Mutations

You are resistant to torment.
((Your stone body is resilient. (AC +4)))
You are immune to poison.
You resist negative energy. (rN+)
((You are resistant to electric shocks. (rElec)))
((You can survive without breathing.))
You are immune to petrification.
You are immune to rotting.


Message History

The gnoll seems less confused.
The killer bee stings you but does no damage.
The gnoll hits you but does no damage.
The killer bee stings you but does no damage.
You miss the killer bee.
The killer bee is severely wounded.
The killer bee stings you but does no damage.
The gnoll hits you but does no damage.
The killer bee stings you but does no damage.
You hit the killer bee but do no damage.
Your weapon exudes an aura of protection.
The killer bee is severely wounded.
The killer bee completely misses you. The gnoll hits you but does no damage.
The killer bee stings you but does no damage.
The gnoll hits you with a +0 flail.
* * * LOW HITPOINT WARNING * * *
It was a potion of haste.
You feel yourself speed up.
The killer bee stings you but does no damage.
The killer bee stings you.
You die...

#####.###.#...# ##.## ##.#
......# #.....# #...# #...
###########...## #...# #...
########...(.>.# #...# #...
......#.....(..# #...# #.##
..........##...######...######...
.....)#........#.............#.##
..g...##+##..(.yg................
......#wSW###..#♣.[..........#.##
......#≈sF#....######...######...
......#≈≈≈#...## #...# ####
#######≈≈≈##### #...# # #≈$S#
#...### # #≈≈≈# #########.#...#
#### # #.......#...#.# #... #≈
#.......#####.# #.## #≈≈
##.......#####.## #.##


You could see a killer bee and a gnoll.

Vanquished Creatures
  A scorpion (D:4)
  4 killer bees (D:4)
  A centaur zombie (D:4)
  2 orc priests (D:4)
  A gnoll shaman (D:4)
  An orc wizard (D:3)
  An iguana (D:4)
  2 worker ants (D:4)
  2 gnolls (D:4)
  9 adders
  3 worms
  A dart slug (D:4)
  3 leopard geckos
  17 orcs
  4 bats
  4 giant cockroaches
  7 goblins
  3 hobgoblins
  3 jackals (D:2)
  2 quokkas
  5 frilled lizards
  4 kobolds
  5 rats
85 creatures vanquished.

Notes
Turn   | Place    | Note
-------+----------+-------------------------------------------
     0 | D:1      | night the Gargoyle Earth Elementalist began the quest for
                  | the Orb.
     0 | D:1      | Reached XP level 1. HP: 10/10 MP: 3/3
   395 | D:1      | Reached skill level 4 in Earth Magic
   395 | D:1      | Reached XP level 2. HP: 15/15 MP: 5/5
   758 | D:2      | Found a white marble altar of Elyvilon.
   822 | D:2      | Reached XP level 3. HP: 19/19 MP: 6/6
   897 | D:2      | Learned a level 3 spell: Stone Arrow
  1264 | D:2      | Reached skill level 1 in Conjurations
  1264 | D:2      | Reached XP level 4. HP: 21/24 MP: 4/8
  2385 | D:3      | Reached skill level 5 in Earth Magic
  2385 | D:3      | Reached XP level 5. HP: 28/28 MP: 3/10
  2737 | D:3      | Learned a level 5 spell: Lee's Rapid Deconstruction
  3314 | D:4      | Reached XP level 6. HP: 32/32 MP: 3/11
  3408 | D:4      | Found a runed translucent door.
  3409 | D:4      | Noticed appiemonkey's ghost (amateur NaFi)
  3705 | D:4      | Learned a level 1 spell: Confusing Touch
  3867 | D:4      | Found a runed translucent door.
  3947 | D:4      | Reached skill level 6 in Earth Magic
  3971 | D:4      | Reached XP level 7. HP: 8/36 MP: 4/13
  4540 | D:4      | Found an ornate altar of the Wu Jian Council.
  4541 | D:4      | Found a deep blue altar of Sif Muna.
  4543 | D:4      | Found a bloodstained altar of Trog.
  4543 | D:4      | Found a glowing golden altar of the Shining One.
  4543 | D:4      | Found a shadowy altar of Dithmenos.
  4544 | D:4      | Found a blossoming altar of Fedhas.
  4544 | D:4      | Found an ancient bone altar of Kikubaaqudgha.
  4544 | D:4      | Found a sacrificial altar of Ru.
  4683 | D:4      | Found a staircase to the Ecumenical Temple.
  4692 | Temple   | Entered the Ecumenical Temple
  4787 | Temple   | Became a worshipper of Vehumet
  4941 | D:4      | Slain by a killer bee

Skill      XL: |  1  2  3  4  5  6  7 |
---------------+----------------------+-----
Earth Magic    | 4 5 6 |  6.7
Spellcasting   | 3 4 |  4.7
Conjurations   | 1 2 3 4 |  4.3
Dodging        | |  1.5
Stealth        | |  2.1
Transmutations | |  0.7

Action                   |  1- 3 |  4- 6 |  7- 9 || total
-------------------------+-------+-------+-------++-------
Melee: Dagger            |   106 |   287 |    75 ||   468
       Unarmed           |     7 |       |       ||     7
Throw: Tomahawk          |       |       |     2 ||     2
 Cast: Sandblast         |    22 |    28 |    14 ||    64
       Stone Arrow       |     2 |    17 |     5 ||    24
       Confusing Touch   |       |     3 |     2 ||     5
       Lee's Rapid Decon |       |     1 |       ||     1
  Use: Scroll            |       |     4 |       ||     4
       Potion            |       |     2 |     4 ||     6
 Stab: Sleeping          |     4 |     3 |     1 ||     8
       Confused          |       |     3 |     1 ||     4
  Eat: Chunk             |     1 |    11 |     3 ||    15
Armor: Robe              |    70 |   102 |    34 ||   206
       Skin              |       |       |    36 ||    36
Dodge: Dodged            |    90 |   165 |    46 ||   301
